 Dungeon Sprint DCSS version 0.22-a0-377-g846bec1 (webtiles) character file.

17102 emperorscorpion the Unseen (level 12, -3/87 HPs)
             Began as a Vampire Enchanter on Apr 28, 2018.
             Was a Follower of Uskayaw.
             Killed by divine providence
             ... invoked by Saint Roka
              (12 damage)
             ... in the Dungeon (Sprint IX: "|||||||||||||||||||||||||||||").
             The game lasted 00:17:36 (3038 turns).

emperorscorpion the Unseen (Vampire Enchanter)      Turns: 3038, Time: 00:17:36

Health: -3/87      AC: 12    Str:  8    XL:     12   Next: 15%
Magic:  18/26      EV: 21    Int: 18    God:    Uskayaw [*.....]
Gold:   656        SH:  0    Dex: 21    Spells: 19/31 levels left

rFire    . . .     SeeInvis +   a - +2 rapier (distort)
rCold    . . .     Gourm    .   (no shield)
rNeg     + . .     Faith    .   c - +0 troll leather armour
rPois    .         Spirit   .   K - +1 helmet
rElec    .         Reflect  .   A - +0 cloak
rCorr    .         Harm     .   o - +0 pair of gloves
MR       +....     NoTele   +   n - +0 pair of boots
Stlth    +++++++++.             (no amulet)
HPRegen  0.64/turn              q - +3 ring of dexterity
MPRegen  0.20/turn              H - ring of stealth

@: no status effects
A: fangs 3, see invisible, unbreathing
a: Bat Form, Stomp, Renounce Religion


You were in the Dungeon.
You worshipped Uskayaw.
Uskayaw was pleased with you.
You were not thirsty.

You visited 1 branch You collected 1700 gold pieces.
You spent 1044 gold pieces at shops.

Inventory:

Hand Weapons
 a - a +2 rapier of distortion (weapon)
 m - a +1 dagger
 F - a +3 short sword of draining
 G - a +0 dagger of flaming
 J - a +3 quick blade
Armour
 b - a +0 robe
 c - a +0 troll leather armour (worn)
 n - a +0 pair of boots (worn)
 o - a +0 pair of gloves (worn)
 p - a +2 ring mail
 z - a +0 helmet
 A - a +0 cloak (worn)
 K - a +1 helmet (worn)
Magical Staves
 l - an uncursed staff of energy
Jewellery
 q - a +3 ring of dexterity (left hand)
 r - a +3 ring of dexterity
 E - an uncursed ring of protection from cold
 H - a ring of stealth (right hand)
 I - an uncursed ring of protection from fire
Wands
 w - a wand of paralysis (9)
Scrolls
 f - 4 scrolls of remove curse
 i - 2 scrolls of amnesia
 j - 3 scrolls of blinking
 x - 5 scrolls of enchant armour
 y - 6 scrolls of fog
 C - a scroll of fear
 D - 2 scrolls of enchant weapon
 L - a scroll of identify
Potions
 d - 2 potions of heal wounds
 e - 8 potions of curing
 g - a potion of haste
 h - 4 potions of magic
 s - 9 potions of blood
 t - 3 potions of might
 u - a potion of brilliance
 v - a potion of resistance
 B - 2 potions of agility {unknown}


   Skills:
 + Level 5.9 Fighting
 + Level 10.9 Short Blades
 + Level 8.7 Armour
 * Level 11.3 Dodging
 + Level 20.2 Stealth
 + Level 10.2 Spellcasting
 + Level 1.2 Conjurations
 + Level 15.9 Hexes
 + Level 6.3 Ice Magic
 * Level 12.0 Invocations
 + Level 1.9 Evocations


You had 19 spell levels left.
You knew the following spells:

 Your Spells              Type           Power        Failure   Level  Hunger
a - Corona                Hex            ######.      0%          1    None
b - Ensorcelled Hibernat  Hex/Ice        #####.       1%          2    None
c - Confuse               Hex            ######..     1%          3    None
d - Dazzling Spray        Conj/Hex       #####.       1%          3    None
e - Tukima's Dance        Hex            ######..     1%          3    None


Dungeon Overview and Level Annotations

Branches:
Dungeon (1/1)

Altars:
Cheibriados
Dithmenos
Elyvilon
Fedhas
Gozag
Hepliaklqana
Kikubaaqudgha
Makhleb
Nemelex Xobeh
Okawaru
Qazlal
Ru
Sif Muna
Trog
Uskayaw
Vehumet
Wu Jian
Xom
Yredelemnul
Zin
The Shining One
Beogh
Jiyva
Lugonu

Shops:
D ?[(=

Annotations:
D Saint Roka


Innate Abilities, Weirdness & Mutations

You have razor-sharp teeth.
You have supernaturally acute eyesight. (SInv)
You can survive without breathing.


Message History

Your great mace of draining barely misses Saint Roka.
You feel much better.
Saint Roka hits your great mace of draining!!
Saint Roka mumbles some strange prayers to Beogh against you.
Beogh smites you!
* * * LOW HITPOINT WARNING * * *
Saint Roka hits your great mace of draining.
Your great mace of draining falls from the air.
Evoke which item? (* to show all) (? for menu, Esc to quit)
Aiming: Iceblast
Press: ? - help, Shift-Dir - straight line, p - Saint Roka The mass of ice explodes!
The iceblast engulfs Saint Roka.
Saint Roka is lightly wounded.
The now-empty wand crumbles to dust.
Saint Roka mumbles some strange prayers to Beogh against you.
Beogh smites you!
* * * LOW HITPOINT WARNING * * *
Saint Roka invokes the aid of Beogh against you.
Beogh smites you!
You die...

▓▓▓▓▓▓▓▓▓▓▓▓▓▓▓▓▓▓▓
▓(@.....)o.oo.(....
▓.▓▓▓▓▓▓▓▓▓▓▓▓▓▓▓▓▓
▓.........'......)(
▓▓▓▓▓▓▓▓▓▓▓▓▓▓▓▓▓▓▓
▓..................
▓.▓▓▓▓▓▓▓▓▓▓▓▓▓▓▓▓▓
▓.........'.))).∩.∩
▓▓▓▓▓▓▓▓▓▓▓▓▓▓▓▓▓▓▓
▓..................


You could see Saint Roka.

Vanquished Creatures
  An ettin (D)
  Josephine (D)
  A catoblepas (D)
  A deep troll shaman (D)
  A tengu warrior (D)
  2 death yaks (D)
  An orc high priest (D)
  4 orc knights (D)
  4 orc sorcerers (D)
  3 black mambas (D)
  Joseph (D)
  A black mamba (shapeshifter) (D)
  Psyche (D)
  2 spiny frogs (D)
  A yaktaur (D)
  A rime drake (D)
  3 komodo dragons (D)
  A troll (D)
  A slime creature (D)
  4 wraiths (D)
  3 yaks (D)
  2 porcupines (D)
  3 water moccasins (D)
  10 orc warriors (D)
  A phantom (D)
  A black bear (D)
  A centaur (D)
  2 crocodiles (D)
  5 bullfrogs (D)
  A scorpion (D)
  A crimson imp (D)
  2 orc priests (D)
  A jelly (D)
  3 orc wizards (D)
  A worker ant (D)
  A shadow imp (D)
  A worm (D)
  12 orcs (D)
  2 bat skeletons (D)
  2 bat zombies (D)
  A hobgoblin (D)
  A jackal (D)
  A bat (D)
  2 frilled lizards (D)
  A giant cockroach zombie (D)
  A jackal zombie (D)
  A rat (D)
98 creatures vanquished.

Vanquished Creatures (others)
  A stone giant (D)
  An orc high priest (D)
  A dancing weapon (D)
  A wraith (D)
  An orc warrior (D)
5 creatures vanquished.

Grand Total: 103 creatures vanquished

Notes
Turn   | Place    | Note
-------+----------+-------------------------------------------
     0 | D        | emperorscorpion the Vampire Enchanter began the quest for the Orb.
     0 | D        | Reached XP level 1. HP: 13/13 MP: 3/3
     7 | D        | Reached skill level 5 in Stealth
     9 | D        | Reached skill level 5 in Hexes
    12 | D        | Banished a spatial maelstrom
    30 | D        | Noticed a crimson imp
    30 | D        | Noticed an orc wizard
    39 | D        | Killed an orc wizard
    39 | D        | Reached skill level 7 in Stealth
    39 | D        | Reached XP level 2. HP: 19/19 MP: 3/5
    39 | D        | Reached XP level 3. HP: 24/24 MP: 3/6
    42 | D        | Reached skill level 8 in Stealth
    42 | D        | Reached XP level 4. HP: 30/30 MP: 3/8
    53 | D        | HP: 1/30 [worm (3)]
    77 | D        | Found a roughly hewn altar of Beogh.
    77 | D        | Found a snail-covered altar of Cheibriados.
    77 | D        | Found a shadowy altar of Dithmenos.
    77 | D        | Found a white marble altar of Elyvilon.
    77 | D        | Found a blossoming altar of Fedhas.
    77 | D        | Found an opulent altar of Gozag.
    78 | D        | Found a hazy altar of Hepliaklqana.
    79 | D        | Found a viscous altar of Jiyva.
    80 | D        | Found an ancient bone altar of Kikubaaqudgha.
    81 | D        | Found a corrupted altar of Lugonu.
    82 | D        | Found a burning altar of Makhleb.
    83 | D        | Found a sparkling altar of Nemelex Xobeh.
    84 | D        | Found an iron altar of Okawaru.
    85 | D        | Found a stormy altar of Qazlal.
    86 | D        | Found a sacrificial altar of Ru.
    87 | D        | Found a deep blue altar of Sif Muna.
    88 | D        | Found a bloodstained altar of Trog.
    89 | D        | Found a hide-covered altar of Uskayaw.
    90 | D        | Found a radiant altar of Vehumet.
    91 | D        | Found an ornate altar of the Wu Jian Council.
    92 | D        | Found a shimmering altar of Xom.
    93 | D        | Found a basalt altar of Yredelemnul.
    94 | D        | Found a glowing silver altar of Zin.
    95 | D        | Found a glowing golden altar of the Shining One.
    97 | D        | Became a worshipper of Uskayaw the Reveler
   148 | D        | Noticed a bullfrog
   148 | D        | Noticed a bullfrog
   148 | D        | Noticed a black bear
   148 | D        | Noticed a phantom
   148 | D        | Noticed an orc warrior
   149 | D        | Banished an orc warrior
   149 | D        | Reached skill level 1 in Armour
   149 | D        | Reached skill level 9 in Stealth
   149 | D        | Reached skill level 1 in Invocations
   155 | D        | Reached * piety under Uskayaw
   156 | D        | Reached skill level 1 in Fighting
   156 | D        | Reached skill level 10 in Stealth
   156 | D        | Reached XP level 5. HP: 33/37 MP: 5/10
   156 | D        | Reached ** piety under Uskayaw
   159 | D        | Reached *** piety under Uskayaw
   160 | D        | Killed a black bear
   162 | D        | Reached **** piety under Uskayaw
   167 | D        | Reached skill level 11 in Stealth
   167 | D        | Reached XP level 6. HP: 15/44 MP: 5/12
   167 | D        | Reached ***** piety under Uskayaw
   168 | D        | Reached skill level 5 in Short Blades
   168 | D        | Reached skill level 5 in Dodging
   175 | D        | Reached skill level 10 in Hexes
   186 | D        | Learned a level 3 spell: Confuse
   189 | D        | Learned a level 2 spell: Ensorcelled Hibernation
   193 | D        | Learned a level 3 spell: Dazzling Spray
   268 | D        | Noticed a wraith
   268 | D        | Noticed a komodo dragon
   268 | D        | Noticed a tengu warrior
   270 | D        | Killed a tengu warrior
   270 | D        | Reached skill level 5 in Armour
   270 | D        | Reached skill level 13 in Stealth
   270 | D        | Reached skill level 5 in Spellcasting
   270 | D        | Reached skill level 5 in Invocations
   270 | D        | Reached XP level 7. HP: 52/52 MP: 10/14
   270 | D        | Reached XP level 8. HP: 58/58 MP: 10/15
   289 | D        | Killed a komodo dragon
   289 | D        | Reached skill level 1 in Ice Magic
   316 | D        | Learned a level 3 spell: Tukima's Dance
   429 | D        | Noticed a spiny frog
   434 | D        | Noticed a spiny frog
   447 | D        | Reached XP level 9. HP: 44/65 MP: 2/18
   454 | D        | Killed a spiny frog
   454 | D        | Reached skill level 14 in Stealth
   454 | D        | Reached ****** piety under Uskayaw
   729 | D        | Noticed a black mamba
   729 | D        | Noticed a rime drake
   729 | D        | Noticed a black mamba
   729 | D        | Noticed a spiny frog
   733 | D        | Killed a spiny frog
   738 | D        | Killed a black mamba
   741 | D        | Killed a rime drake
   741 | D        | Reached skill level 15 in Stealth
   748 | D        | Noticed a black mamba
   749 | D        | Killed a black mamba
   876 | D        | Noticed a komodo dragon
   877 | D        | Noticed a komodo dragon
   882 | D        | Killed a black mamba
   882 | D        | Reached XP level 10. HP: 73/73 MP: 19/21
   884 | D        | Reached skill level 5 in Fighting
   888 | D        | Noticed a catoblepas
   888 | D        | Noticed a death yak
   888 | D        | Noticed a catoblepas
   889 | D        | Noticed a death yak
   890 | D        | Killed a catoblepas
   890 | D        | Reached skill level 16 in Stealth
   891 | D        | Noticed a death yak
   970 | D        | Killed a death yak
  1210 | D        | Noticed Josephine
  1222 | D        | Reached skill level 1 in Evocations
  1234 | D        | Killed Josephine
  1234 | D        | Reached skill level 10 in Short Blades
  1234 | D        | Reached skill level 17 in Stealth
  1234 | D        | Reached skill level 1 in Conjurations
  1282 | D        | Noticed Joseph
  1289 | D        | Killed Joseph
  1323 | D        | Reached XP level 11. HP: 80/80 MP: 20/23
  1340 | D        | Noticed an orc high priest
  1490 | D        | Killed an orc high priest
  1490 | D        | Reached skill level 10 in Invocations
  1581 | D        | Noticed an orc knight
  1582 | D        | Noticed an orc knight
  1591 | D        | Killed an orc knight
  1591 | D        | Reached skill level 5 in Ice Magic
  1603 | D        | Killed an orc knight
  1603 | D        | Reached skill level 18 in Stealth
  1620 | D        | Reached skill level 15 in Hexes
  2011 | D        | Found Nirru's Jewellery Boutique.
  2011 | D        | Noticed an orc sorcerer
  2011 | D        | Noticed an orc sorcerer
  2013 | D        | Noticed an orc high priest
  2014 | D        | Killed an orc sorcerer
  2017 | D        | Found Kergh's Antique Weapon Shop.
  2017 | D        | Noticed an orc knight
  2019 | D        | Killed an orc sorcerer
  2023 | D        | Banished an orc high priest
  2029 | D        | Killed an orc knight
  2030 | D        | Found Tosiceur's Antique Armour Boutique.
  2032 | D        | Found Ycoibypn's Magic Scroll Shop.
  2034 | D        | Noticed an orc knight
  2036 | D        | Noticed an orc sorcerer
  2038 | D        | Noticed an orc sorcerer
  2043 | D        | Killed an orc knight
  2043 | D        | Reached skill level 10 in Dodging
  2051 | D        | Killed an orc sorcerer
  2055 | D        | Killed an orc sorcerer
  2098 | D        | Bought a scroll of enchant armour for 75 gold pieces
  2098 | D        | Bought a scroll of fear for 35 gold pieces
  2098 | D        | Bought a scroll of enchant weapon for 75 gold pieces
  2098 | D        | Bought a scroll of enchant weapon for 75 gold pieces
  2098 | D        | Bought a scroll of identify for 20 gold pieces
  2098 | D        | Bought a scroll of blinking for 75 gold pieces
  2098 | D        | Bought a scroll of remove curse for 30 gold pieces
  2104 | D        | Bought a glowing rapier for 168 gold pieces
  2104 | D        | Bought a glowing short sword for 144 gold pieces
  2104 | D        | Bought a runed dagger for 120 gold pieces
  2106 | D        | Bought an uncursed ring of stealth for 227 gold pieces
  2146 | D        | Noticed Psyche
  2153 | D        | Killed Psyche
  2277 | D        | Reached skill level 19 in Stealth
  2287 | D        | Noticed an ettin
  2288 | D        | Noticed a deep troll shaman
  2290 | D        | Noticed a stone giant
  2292 | D        | Noticed an ice dragon
  2302 | D        | Killed an ettin
  2302 | D        | Reached skill level 10 in Spellcasting
  2304 | D        | Killed a deep troll shaman
  2304 | D        | Reached XP level 12. HP: 64/87 MP: 8/26
  2435 | D        | Killed a stone giant
  2435 | D        | Reached skill level 20 in Stealth
  2965 | D        | Killed a death yak
  2973 | D        | Noticed Saint Roka
  3038 | D        | Killed from afar by Saint Roka

Vault maps used:
D:        linesprint

Skill      XL: |  1  2  3  4  5  6  7  8  9 10 11 12 |
---------------+-------------------------------------+-----
Stealth        | 7 8 10 11 13 15 17 19 20 | 20.2
Hexes          | 6 7 8 9 10 11 12 14 15 | 15.9
Short Blades   | 2 3 4 7 8 9 10 | 10.9
Dodging        | 3 4 6 7 8 11 | 11.3
Spellcasting   | 3 4 5 6 7 8 10 | 10.2
Armour         | 2 3 5 6 7 8 |  8.7
Invocations    | 2 3 5 7 8 9 11 12 | 12.0
Fighting       | 1 3 4 5 |  5.9
Ice Magic      | 2 4 6 |  6.3
Evocations     | 1 |  1.9
Conjurations   | 1 |  1.2

Action                   |  1- 3 |  4- 6 |  7- 9 | 10-12 || total
-------------------------+-------+-------+-------+-------++-------
Melee: Dagger            |    15 |    24 |       |       ||    39
       Bite              |     1 |     6 |     3 |    19 ||    29
       Rapier            |       |    22 |    41 |   122 ||   185
 Cast: Corona            |       |     4 |       |       ||     4
       Ensorcelled Hiber |       |     1 |    20 |    37 ||    58
       Confuse           |       |       |     2 |    19 ||    21
       Dazzling Spray    |       |       |       |    15 ||    15
       Tukima's Dance    |       |       |       |     4 ||     4
Invok: Stomp             |       |       |       |     1 ||     1
       Grand Finale      |       |       |       |     1 ||     1
Evoke: Wand              |       |       |       |    10 ||    10
  Use: Potion            |     5 |     1 |       |     7 ||    13
       Scroll            |       |       |       |     3 ||     3
 Stab: Sleeping          |     2 |     1 |    10 |    32 ||    45
       Paralysed         |       |     1 |     4 |     7 ||    12
       Confused          |       |       |     1 |     7 ||     8
       Petrified         |       |       |       |     3 ||     3
       Invisible         |       |       |       |     4 ||     4
       Distracted        |       |       |       |     1 ||     1
Armor: Robe              |     2 |     1 |       |       ||     3
       Ring mail         |       |     8 |     9 |    26 ||    43
Dodge: Dodged            |     6 |    27 |    14 |    70 ||   117

Table legend:
 A = Spawn XP
 B = Non-spawn XP
 C = Spawn XP percentage of total XP
 D = Spawn monster count
 E = Non-spawn monster count
 F = Spawn count percentage of total count
 G = Total turns spent on level
                    A         B        C        D         E        F      G
               +---------+---------+-------+---------+---------+-------+---------
         Total |       0 |   24432 |   0.0 |       0 |     102 |   0.0 |  3038
               +---------+---------+-------+---------+---------+-------+---------
             D |       0 |   24432 |   0.0 |       0 |     102 |   0.0 |  3038
               +---------+---------+-------+---------+---------+-------+---------
